 Dungeon Crawl Stone Soup version 0.21.1-1-g345015fe64 (webtiles) character file.

225 Htamos the Magician (level 5, -5/28 HPs)
             Began as a Deep Elf Wizard on July 13, 2018.
             Slain by AAA992's ghost (10 damage)
             ... on level 4 of the Dungeon.
             The game lasted 00:07:03 (3849 turns).

Htamos the Magician (Deep Elf Wizard)               Turns: 3849, Time: 00:07:04

Health: -5/28      AC:  3    Str:  4    XL:     5   Next: 68%
Magic:  14/14      EV: 13    Int: 24    God:
Gold:   186        SH:  3    Dex: 13    Spells: 13/14 levels left

rFire    . . .     SeeInvis +   C - +2 dagger (elec)
rCold    . . .     Gourm    .   (no shield)
rNeg     . . .     Faith    .   a - +0 robe
rPois    .         Spirit   .   b - +0 hat
rElec    .         Reflect  +   (no cloak)
rCorr    .         Harm     .   i - +0 pair of gloves
MR       .....                  (no boots)
Stlth    ++........             t - +3 amulet of reflection
HPRegen  0.09/turn              r - ring of see invisible
MPRegen  0.14/turn              (no ring)

@: no status effects
A: no striking features
a: no special abilities


You were on level 4 of the Dungeon.
You were not hungry.

You visited 1 branch of the dungeon, and saw 4 of its levels.

You collected 186 gold pieces.

Inventory:

Hand Weapons
 B - a +0 great mace
 C - a +2 dagger of electrocution (weapon)
Missiles
 h - 116 stones (quivered)
 j - 21 arrows
 l - 24 poisoned needles
 p - 5 tomahawks
Armour
 a - a +0 robe (worn)
 b - a +0 hat (worn)
 i - a +0 pair of gloves (worn)
 k - a +0 leather armour
 n - a +0 shield
 x - a +0 scale mail
Jewellery
 r - a ring of see invisible (left hand)
 t - a +3 amulet of reflection (around neck)
 E - an uncursed amulet of faith {unknown}
Wands
 y - a wand of iceblast (10)
Scrolls
 e - a scroll of fear {unknown}
 m - 3 scrolls of teleportation
 s - a scroll of random uselessness {unknown}
 u - 3 scrolls of identify
 v - a scroll of immolation
 A - a scroll of blinking {unknown}
Potions
 f - 2 potions of brilliance {unknown}
 g - a potion of might {unknown}
 o - a potion of haste {unknown}
 q - a potion of agility {unknown}
 w - 5 potions of curing {unknown}
 z - a potion of degeneration {unknown}
Books
 c - a book of Minor Magic

   Spells                             Type                      Level
   a - Magic Dart                     Conjuration                  1
   b - Blink                          Translocation                2
   c - Call Imp                       Summoning                    2
   d - Slow                           Hexes                        2
   e - Conjure Flame                  Conjuration/Fire             3
   f - Mephitic Cloud                 Conjuration/Poison/Air       3
Comestibles
 d - 12 rations


   Skills:
 + Level 3.6 Short Blades
 - Level 2.4 Dodging
 - Level 2.4 Stealth
 - Level 5.1 Spellcasting
 - Level 4.0 Conjurations
   Level 1.1 Summonings
   Level 1.1 Translocations


You had 13 spell levels left.
You knew the following spells:

 Your Spells              Type           Power        Failure   Level  Hunger
a - Magic Dart            Conj           ####         1%          1    None


Dungeon Overview and Level Annotations

Branches:
Dungeon (4/15)
 Temple: D:4-7

Altars:
Dithmenos
Fedhas
Gozag
Trog
Xom

Shops:
D:3 *

Annotations:
D:4 AAA992's ghost, amateur GrMo


Message History

Press: ? - help, v - describe, . - travel The floor.
Unknown command.
Okay, then.
You hit AAA992's ghost but do no damage.
AAA992's ghost is moderately damaged.
You hit AAA992's ghost but do no damage.
AAA992's ghost is moderately damaged.
AAA992's ghost hits you.
You hit AAA992's ghost but do no damage.
AAA992's ghost is moderately damaged.
AAA992's ghost hits you!
As you read the scroll of teleportation, it crumbles to dust.
You feel strangely unstable. AAA992's ghost hits you.
* * * LOW HITPOINT WARNING * * *
Your surroundings seem slightly different.
AAA992's ghost hits you!
* * * LOW HITPOINT WARNING * * *
AAA992's ghost hits you!
You die...

#....#......#....#
#.).##......#...##
##...#...#...##.###
#....#...#W...#....
#...##...##...#.###
#...#.....#...#.#
#..§#.....#...#.###
#...#.....#...#....
#)@W#..⌠..#...#.###
#...#.....#...#.###
#...#.....#...#....
#...#.....#...#.###
#...##...##...#..#
#....#...#....#..#
##...#...#...##..#
#......##...#...##
#......#....##....


You could see AAA992's ghost.

Vanquished Creatures
  The ghost of Mrkan the Digger, a weakling DrEE (D:3)
  An orc wizard (D:4)
  A worker ant (D:4)
  5 adders
  A worm (D:3)
  4 dart slugs
  2 leopard geckos (D:1)
  5 orcs (D:3)
  5 bats
  3 giant cockroaches
  13 goblins
  5 hobgoblins
  5 jackals
  7 kobolds
  2 quokkas
  A frilled lizard (D:1)
  10 rats
71 creatures vanquished.

Notes
Turn   | Place    | Note
-------+----------+-------------------------------------------
     0 | D:1      | Htamos the Deep Elf Wizard began the quest for the Orb.
     0 | D:1      | Reached XP level 1. HP: 10/10 MP: 7/7
   168 | D:1      | Reached skill level 5 in Spellcasting
   360 | D:1      | Reached XP level 2. HP: 15/15 MP: 5/10
   881 | D:1      | Reached XP level 3. HP: 19/19 MP: 8/11
  1610 | D:2      | Found a shadowy altar of Dithmenos.
  1718 | D:2      | Reached XP level 4. HP: 24/24 MP: 8/13
  2001 | D:2      | Found a bloodstained altar of Trog.
  2423 | D:3      | Found a blossoming altar of Fedhas.
  2601 | D:3      | Found a shimmering altar of Xom.
  2602 | D:3      | Found a shimmering altar of Xom.
  2620 | D:3      | Found a shimmering altar of Xom.
  2717 | D:3      | Found Gozag's Platinum Reserve.
  2755 | D:3      | Noticed Mrkan's ghost (weakling DrEE)
  2766 | D:3      | Killed Mrkan's ghost
  2904 | D:3      | Found an opulent altar of Gozag.
  2993 | D:3      | Reached XP level 5. HP: 28/28 MP: 11/14
  3802 | D:4      | Noticed AAA992's ghost (amateur GrMo)
  3849 | D:4      | Slain by AAA992's ghost

Skill      XL: |  1  2  3  4  5 |
---------------+----------------+-----
Spellcasting   | 5 |  5.1
Conjurations   | 2 3 4 |  4.0
Short Blades   | 2 3 |  3.6
Dodging        | |  2.4
Stealth        | |  2.4
Summonings     | |  1.1
Translocations | |  1.1

Action                   |  1- 3 |  4- 6 || total
-------------------------+-------+-------++-------
Melee: Dagger            |       |     5 ||     5
 Cast: Magic Dart        |    91 |    95 ||   186
  Use: Scroll            |       |     5 ||     5
  Eat: Chunk             |     2 |     7 ||     9
Armor: Robe              |     5 |     2 ||     7
Dodge: Dodged            |     5 |    12 ||    17
